[Event "NED Team Cup 2018"]
[Site "Apeldoorn"]
[Date "2018.05.10"]
[Round "1"]
[White "Van Wessel, Rudy"]
[Black "Wantola, Ivo"]
[Result "1/2-1/2"]
[ECO "D38"]
[WhiteElo "2402"]
[BlackElo "2319"]
[Annotator "ChessBase"]
[PlyCount "97"]
[EventDate "2018.??.??"]
[EventCountry "NED"]
[SourceTitle "playchess.com"]
[Source "ChessBase"]
[SourceQuality "1"]
[TimeControl "6600+5"]

1. d4 Nf6 2. Nf3 e6 3. c4 Bb4+ 4. Nc3 d5 5. cxd5 exd5 6. Bg5 O-O 7. Rc1 h6 8. Bxf6 Qxf6 9. a3 Bxc3+ 10. Rxc3 c6 11. e3 Bg4 12. Qb3 Nd7 13. Qxb7 Rab8 14. Qxc6 Rxb2 15. Bd3 Qxc6 16. Rxc6 Rb3 17. Kd2 Bxf3 18. gxf3 Rxa3 19. Rhc1 Nb6 20. R1c2 Rd8 21. f4 Kf8 22. Rc7 Rd7 23. Ke2 Ra2 24. R7c5 Rxc2+ 25. Rxc2 Ke7 26. Bb5 Rb7 27. Rc5 Kd6 28. Rc6+ Ke7 29. Kd3 Nd7 30. Ba4 Nb6 31. Bb3 a5 32. Rc5 Nd7 33. Rc3 Nb6 34. f3 f5 35. Rc6 a4 36. Ba2 a3 37. h4 Kd7 38. Rg6 Kc8 39. Rc6+ Kd7 40. Rg6 Kc8 41. Rc6+ Kd7 42. Rc3 Ra7 43. Rc5 Kd6 44. Rc1 Nc4 45. Rg1 Re7 46. Re1 Rc7 47. Rg1 Ke6 48. Rg6+ Kf7 49. Ra6 1/2-1/2

[Event "NED Team Cup 2018"]
[Site "Apeldoorn"]
[Date "2018.05.10"]
[Round "1"]
[White "Wessel, Rudy van"]
[Black "Wantola, Ivo"]
[Result "*"]
[ECO "D38"]
[WhiteElo "2402"]
[BlackElo "2319"]
[Annotator "NA"]
[PlyCount "97"]
[EventDate "2018.??.??"]
[EventCountry "NED"]
[SourceTitle "playchess.com"]
[Source "ChessBase"]
[SourceQuality "1"]
[TimeControl "6600+5"]

1. d4 Nf6 2. Nf3 e6 3. c4 Bb4+ 4. Nc3 d5 5. cxd5 exd5 6. Bg5 O-O 7. Rc1 h6 8. Bxf6 Qxf6 9. a3 Bxc3+ 10. Rxc3 c6 11. e3 Bg4 {[%emt 0:03:28] LiveBook: 13 Games D38: Queen's Gambit Declined: Ragozin Defence (4 Nf3 Bb4)} 12. Qb3 Nd7 13. Qxb7 Rab8 14. Qxc6 Rxb2 15. Bd3 Qxc6 16. Rxc6 {[%emt 0:00:45] [#]} Rb3 $146 ({Better is Predecessor:} 16... Rfb8 $11 17. O-O R2b3 18. Ba6 Rxa3 19. Bc8 {½-½ (44) Bu,X (2644)-Jakovenko,D (2691) Wijk aan Zee 2007}) 17. Kd2 Bxf3 18. gxf3 Rxa3 19. Rhc1 Nb6 20. R1c2 Rd8 21. f4 Kf8 22. Rc7 Rd7 23. Ke2 ({White should play} 23. R7c5 $16) 23... Ra2 ({Black should try} 23... Rxc7 $14 24. Rxc7 a5) 24. R7c5 Rxc2+ 25. Rxc2 Ke7 26. Bb5 Rb7 27. Rc5 Kd6 28. Rc6+ Ke7 29. Kd3 Nd7 30. Ba4 Nb6 31. Bb3 a5 32. Rc5 Nd7 33. Rc3 Nb6 34. f3 f5 35. Rc6 $11 a4 36. Ba2 a3 37. h4 Kd7 38. Rg6 Kc8 39. Rc6+ Kd7 40. Rg6 Kc8 41. Rc6+ Kd7 42. Rc3 Ra7 43. Rc5 Kd6 44. Rc1 Nc4 45. Rg1 Re7 46. Re1 Rc7 47. Rg1 Ke6 48. Rg6+ Kf7 49. Ra6 *

[Event "NED Team Cup 2018"]
[Site "Apeldoorn"]
[Date "2018.05.10"]
[Round "1"]
[White "Braun, Christian"]
[Black "Werf, Mark van der"]
[Result "1-0"]
[ECO "C55"]
[WhiteElo "2385"]
[BlackElo "2404"]
[Annotator "NA"]
[PlyCount "153"]
[EventDate "2018.??.??"]
[EventCountry "NED"]
[SourceTitle "playchess.com"]
[Source "ChessBase"]
[SourceQuality "1"]
[TimeControl "6600+5"]

1. e4 e5 2. Nf3 Nc6 3. Bc4 Nf6 4. d3 Be7 5. Nc3 d6 6. a3 O-O 7. h3 Be6 {[%emt 0:02:58] LiveBook: 39 Games} 8. Nd5 {[%emt 0:00:06] C55: Two Knights: 4 d3, 4 d4 exd4 5 e5 and Max Lange Attack} Qd7 9. O-O Bd8 10. Re1 $146 ({Predecessor:} 10. Bg5 Ne8 11. Ne3 f6 12. Bxe6+ Qxe6 13. Bh4 Ne7 14. d4 c6 15. Re1 Bb6 16. c3 {½-½ (69) Kayumov,S (2435)-Obukhov,A (2481) Alushta 2006}) 10... Bxd5 11. exd5 Ne7 12. d4 e4 13. Ng5 Qf5 (13... c6 $11 14. Nxe4 Nxe4 15. Rxe4 cxd5 16. Rxe7 Bxe7 17. Bxd5 Bf6) 14. Qe2 (14. g4 $1 $14 Qc8 15. Nxe4 Nxe4 16. Rxe4) 14... Nexd5 15. Nxe4 Nxe4 16. Qxe4 Qxe4 17. Rxe4 Nb6 18. Bd3 Bf6 19. c3 d5 20. Re2 Rfe8 21. a4 Rxe2 22. Bxe2 Re8 23. Kf1 a5 24. Bf4 c6 25. b3 Bd8 26. Bg4 g6 27. Bd6 h5 28. Be2 Nd7 29. g4 hxg4 30. hxg4 Nf6 31. f3 Be7 32. Be5 Nh7 33. Bd3 Bf6 34. Bxf6 Nxf6 35. Kf2 Re7 36. b4 axb4 37. cxb4 Ne8 38. a5 Nc7 39. b5 cxb5 40. Rb1 Re8 41. Bxb5 Ra8 42. Bd7 Ra7 43. Rc1 $11 Na6 44. Rc8+ Kg7 45. Be8 Kf6 46. Kg3 Ke7 47. Bb5 Nb4 48. Rc7+ Kf8 49. Kf4 Rxa5 50. Rxb7 Ra1 51. Kg5 Re1 52. Bd7 Nc2 53. Kf6 Kg8 54. Rb8+ Kh7 55. Rf8 Nxd4 56. Rxf7+ Kg8 57. Kxg6 Ra1 58. Rf6 Ra7 59. Be6+ Nxe6 60. Rxe6 Rg7+ 61. Kh5 d4 62. Kh4 Rd7 63. Re2 Kg7 64. Kg5 Rd5+ 65. Kf4 Kf6 66. Rd2 Rd8 67. Ra2 Rd6 68. Rd2 Rd8 69. Rd3 Rd7 70. Ke4 Kg5 71. Rxd4 Re7+ 72. Kd3 Kh4 73. Re4 Rf7 74. Ke2 Kg3 75. g5 Rg7 76. Rg4+ Kh3 77. g6 1-0

[Event "NED Team Cup 2018"]
[Site "Apeldoorn"]
[Date "2018.05.10"]
[Round "1"]
[White "Zwirs, Nico"]
[Black "Bos, Jokim van den"]
[Result "1-0"]
[ECO "B99"]
[WhiteElo "2379"]
[BlackElo "1936"]
[Annotator "NA"]
[PlyCount "57"]
[EventDate "2018.??.??"]
[EventCountry "NED"]
[SourceTitle "playchess.com"]
[Source "ChessBase"]
[SourceQuality "1"]
[TimeControl "6600+5"]

1. e4 c5 2. Nf3 d6 3. Nc3 Nf6 4. d4 cxd4 5. Nxd4 a6 6. Bg5 e6 7. f4 Be7 8. Qf3 h6 9. Bh4 Qc7 10. O-O-O Nbd7 11. Be2 b5 12. Bxf6 {[%emt 0:00:31] B99: Sicilian Najdorf: 6 Bg5 e6 7 f4 Be7 8 Qf3 Qc7 9 0-0-0 Nbd7} gxf6 {[%emt 0:02:34] LiveBook: 5 Games} ({Black should play} 12... Nxf6 $14 13. e5 Bb7 14. exf6 (14. Qg3 dxe5 15. fxe5 Nd7 $11 (15... Nd5 16. Nxe6 fxe6 17. Qg6+ Kd7 18. Bg4 Qxe5 19. Nxd5 Qg5+ 20. Qxg5 Bxg5+ {½-½ (67) Robson,R (2583)-Le,Q (2717) Lubbock 2011})) 14... Bxf3 15. Bxf3 Rc8 16. Bc6+ Kf8 17. fxe7+ Qxe7) 13. Qh5 Nc5 14. a3 Bb7 15. Bg4 Kf8 16. Rhe1 Rh7 $146 ({Predecessor:} 16... Bd8 17. Kb1 Qe7 18. Qh3 Bb6 19. e5 dxe5 20. fxe5 {1-0 (33) Kapnisis,S (2455)-Kang,C (2327) Paleochora 2014}) 17. Kb1 Rc8 (17... Re8 $16) 18. Re3 Kg8 {[%emt 0:09:09] [#]} (18... d5 $142) 19. Nd5 $1 exd5 20. exd5 Kh8 21. Rde1 $18 Bf8 22. Bxc8 Bxc8 23. Re8 Nd7 24. Ne6 fxe6 25. dxe6 Kg8 26. e7 Bb7 27. Qg6+ Kh8 28. Rxf8+ Nxf8 29. exf8=Q# 1-0

[Event "NED Team Cup 2018"]
[Site "Apeldoorn"]
[Date "2018.05.10"]
[Round "1"]
[White "Monsma, Menno"]
[Black "Delft, Merijn van"]
[Result "0-1"]
[ECO "B13"]
[WhiteElo "2037"]
[BlackElo "2396"]
[Annotator "NA"]
[PlyCount "100"]
[EventDate "2018.??.??"]
[EventCountry "NED"]
[SourceTitle "playchess.com"]
[Source "ChessBase"]
[SourceQuality "1"]
[TimeControl "6600+5"]

1. c4 c6 2. e4 d5 3. exd5 cxd5 4. d4 Nf6 5. Nc3 Nc6 6. Bg5 Ne4 7. cxd5 {[%emt 0:14:46] B13: Caro-Kann: Exchange Variation and Panov-Botvinnik Attack} Nxc3 8. bxc3 Qxd5 9. Nf3 Bg4 10. Be3 {[%emt 0:07:19] LiveBook: 4 Games} e6 11. Be2 Bd6 $146 ({Predecessor:} 11... Be7 12. O-O O-O 13. h3 Bxf3 14. Bxf3 Qd7 {1-0 (35) Lagno,K (2523)-Muzychuk,A (2534) Reykjavik 2015}) 12. h3 Bh5 13. O-O O-O 14. Rb1 Qxa2 15. Rxb7 Rab8 16. Rxb8 Rxb8 17. Bd3 Bg6 18. Bxg6 hxg6 19. Ng5 f6 20. Ne4 Be7 21. Nd2 a5 22. c4 (22. Qe2 $11) 22... Rd8 23. Qa1 $1 Qxa1 24. Rxa1 Nxd4 25. Rxa5 Nf5 26. Nf1 Rd1 27. Ba7 $17 Rc1 28. Ra4 Kf7 29. Be3 Nxe3 30. fxe3 Rc2 31. Ra1 f5 32. Rd1 Bc5 33. Kh2 Rxc4 34. Kg3 g5 35. Kf3 Kf6 36. Rd3 e5 37. Rd2 e4+ 38. Ke2 f4 39. Ra2 Rc3 40. exf4 gxf4 41. Nd2 Re3+ 42. Kf1 Bb4 43. Rb2 Bc3 44. Rc2 Kf5 45. Ra2 g5 46. Rc2 Rd3 47. Nb1 Rd1+ 48. Ke2 Re1+ 49. Kf2 e3+ 50. Kf3 Bb4 0-1

[Event "NED Team Cup 2018"]
[Site "Apeldoorn"]
[Date "2018.05.10"]
[Round "2"]
[White "Werf, Mark van der"]
[Black "Monsma, Menno"]
[Result "1/2-1/2"]
[ECO "E44"]
[WhiteElo "2404"]
[BlackElo "2037"]
[Annotator "RC"]
[PlyCount "78"]
[EventDate "2018.??.??"]
[EventCountry "NED"]
[SourceTitle "playchess.com"]
[Source "ChessBase"]
[SourceQuality "1"]
[TimeControl "6600+5"]

1. d4 Nf6 2. c4 e6 3. Nc3 Bb4 4. e3 b6 5. Nge2 Ne4 6. Bd2 Nxd2 7. Qxd2 d5 8. cxd5 exd5 9. a3 Be7 10. Nf4 c6 11. Bd3 Bb7 12. O-O O-O 13. b4 a6 14. Rab1 Nd7 15. a4 Bd6 16. a5 Bxf4 17. exf4 b5 18. Ne2 Nf6 19. Ng3 Ne8 20. Rbe1 Nd6 21. f5 Qh4 22. f4 Rae8 23. Re5 Qd8 24. Rfe1 f6 25. Rxe8 Rxe8 26. Qc3 Rxe1+ 27. Qxe1 Bc8 28. Kf2 Kf8 29. Qc3 Nc4 30. Ne2 Qe8 31. Bxc4 bxc4 32. g4 h5 33. h3 hxg4 34. hxg4 Qe4 35. Qh3 Kg8 36. Qe3 Qxe3+ 37. Kxe3 g6 38. Ng3 gxf5 39. gxf5 Kg7 1/2-1/2

[Event "NED Team Cup 2018"]
[Site "Apeldoorn"]
[Date "2018.05.10"]
[Round "2"]
[White "Braun, Christian"]
[Black "Delft, Merijn van"]
[Result "1/2-1/2"]
[ECO "B50"]
[WhiteElo "2385"]
[BlackElo "2396"]
[Annotator "NA"]
[PlyCount "37"]
[EventDate "2018.??.??"]
[EventCountry "NED"]
[SourceTitle "playchess.com"]
[Source "ChessBase"]
[SourceQuality "1"]
[TimeControl "6600+5"]

1. e4 c5 2. Nf3 d6 3. Nc3 Nf6 4. e5 dxe5 5. Nxe5 a6 6. a4 {[%emt 0:01:47] LiveBook: 62 Games} Qc7 7. Qe2 Nc6 8. Nxc6 Qxc6 9. d3 b6 10. Ne4 Nxe4 11. Qxe4 Bb7 12. Qxc6+ Bxc6 $11 13. b3 e5 14. Bb2 f6 15. h4 h5 16. O-O-O Kf7 17. Rg1 g6 18. Kb1 Bh6 19. Bc1 1/2-1/2

[Event "NED Team Cup 2018"]
[Site "Apeldoorn"]
[Date "2018.05.10"]
[Round "2"]
[White "Meegen, Ruud van"]
[Black "Zwirs, Nico"]
[Result "0-1"]
[ECO "A41"]
[WhiteElo "2241"]
[BlackElo "2379"]
[Annotator "NA"]
[PlyCount "148"]
[EventDate "2018.??.??"]
[EventCountry "NED"]
[SourceTitle "playchess.com"]
[Source "ChessBase"]
[SourceQuality "1"]
[TimeControl "6600+5"]

1. d4 d6 2. c4 e5 3. d5 Be7 4. Nc3 Bg5 5. e4 {[%emt 0:00:52] LiveBook: 4 Games} a5 6. a3 Bd7 7. b3 (7. Bxg5 $14 Qxg5 8. c5) 7... Bxc1 8. Rxc1 Na6 9. Bd3 Qg5 10. g3 Ne7 11. Nf3 Qh6 12. Qd2 Qh5 13. Be2 Bg4 14. Qg5 Qxg5 15. Nxg5 Bd7 16. O-O Nc5 17. Rb1 h6 18. Nf3 f5 19. Nd2 Nxe4 20. Ndxe4 fxe4 21. Nxe4 Bf5 22. Bd3 O-O 23. Kg2 b6 24. Rbd1 Bxe4+ 25. Bxe4 Nf5 26. Bxf5 Rxf5 27. Rd3 Raf8 28. Re3 g5 29. h3 Kg7 30. f3 h5 31. Re4 Kg6 32. Rf2 R5f7 33. Rf1 Kf5 34. Kf2 Kf6 35. Rc1 Ke7 36. Rc3 Rh8 37. Ke2 h4 38. g4 Kd7 39. Rd3 Rhf8 40. Rc3 c6 41. Ree3 Rf4 42. Re4 Kc7 (42... cxd5 $17 43. cxd5 b5) 43. Rd3 Rxe4+ 44. fxe4 Rf4 45. Re3 Kb7 46. Ke1 b5 47. Kd2 Kb6 48. Kc3 bxc4 49. Kxc4 Rf1 50. Rc3 Rd1 51. Rd3 Rc1+ 52. Rc3 Rd1 53. Rd3 {[%emt 0:00:01] [#]} Re1 $19 54. dxc6 Kxc6 55. Rc3 Rxe4+ 56. Kd3+ Kd5 57. Rc8 Rf4 58. Ra8 Rf3+ 59. Kc2 Kd4 60. Rxa5 Rf2+ 61. Kb1 e4 62. Rxg5 e3 63. Kc1 Ra2 64. Kd1 Rxa3 65. Rg6 d5 66. Rd6 Rxb3 67. g5 Rb1+ 68. Ke2 Rg1 69. g6 Rg3 70. Re6 Rg2+ 71. Kf1 Rg5 72. Ke2 Rg3 73. g7 Rxg7 74. Rxe3 Rg2+ 0-1

[Event "NED Team Cup 2018"]
[Site "Apeldoorn"]
[Date "2018.05.10"]
[Round "2"]
[White "Bos, Jokim van den"]
[Black "Wessel, Rudy van"]
[Result "0-1"]
[ECO "B94"]
[WhiteElo "1936"]
[BlackElo "2402"]
[Annotator "ChessBase"]
[PlyCount "38"]
[EventDate "2018.??.??"]
[EventCountry "NED"]
[SourceTitle "playchess.com"]
[Source "ChessBase"]
[SourceQuality "1"]
[TimeControl "6600+5"]

1. e4 c5 2. Nf3 d6 3. Nc3 a6 4. d4 cxd4 5. Nxd4 Nf6 6. Bg5 Nbd7 7. f4 h6 8. Bh4 e5 9. fxe5 dxe5 10. Nf5 Qb6 11. Qd2 Qxb2 12. Rb1 Qa3 13. Rb3 Qa5 14. Bxf6 Nxf6 15. Nd6+ Bxd6 16. Qxd6 Nxe4 17. Bb5+ axb5 18. Qxe5+ Be6 19. Qxe4 O-O 0-1